 Dungeon Crawl Stone Soup version 0.21.1-1-g345015fe64 (webtiles) character file.

78 mrzuul the Cudgeler (level 4, -3/52 HPs)
             Began as a Demonspawn Berserker on Apr 30, 2018.
             Was a Believer of Trog.
             Slain by a two-headed ogre
             ... wielding a +0 giant club
              (14 damage)
             ... on level 3 of the Dungeon.
             The game lasted 00:06:46 (2237 turns).

mrzuul the Cudgeler (Demonspawn Berserker)          Turns: 2237, Time: 00:06:47

Health: -3/52      AC:  2    Str: 23    XL:     4   Next: 15%
Magic:  4/4        EV: 12    Int:  9    God:    Trog [**....]
Gold:   64         SH:  0    Dex: 12    Spells: 3/3 levels left

rFire    . . .     SeeInvis .   a - +0 mace
rCold    . . .     Gourm    .   (no shield)
rNeg     . . .     Faith    .   b - +0 animal skin
rPois    .         Spirit   .   (no helmet)
rElec    .         Reflect  .   (no cloak)
rCorr    .         Harm     .   (no gloves)
MR       ++...                  (no boots)
Stlth    ..........             (no amulet)
HPRegen  1.17/turn              (no ring)
MPRegen  0.09/turn              (no ring)

@: berserking, regenerating, very quick
A: hooves 2, spiny 1
a: Berserk, Trog's Hand, Burn Spellbooks, Renounce Religion


You were on level 3 of the Dungeon.
You worshipped Trog.
Trog was pleased with you.
You were not hungry.

You visited 1 branch of the dungeon, and saw 3 of its levels.

You collected 64 gold pieces.

Inventory:

Hand Weapons
 a - a +0 mace (weapon)
Armour
 b - a +0 animal skin (worn)
 i - a +0 pair of boots
Scrolls
 d - 2 scrolls of identify
 f - a scroll of teleportation {unknown}
 h - a scroll of blinking {unknown}
 j - 2 scrolls of fog {unknown}
 k - a scroll of immolation {unknown}
 l - 2 scrolls of remove curse {unknown}
Potions
 e - a potion of magic {unknown}
 g - 2 potions of curing {unknown}
 m - 3 potions of might
 n - a potion of mutation {unknown}
 o - a potion of haste {unknown}
Comestibles
 c - 6 rations


   Skills:
 + Level 3.5 Fighting
 + Level 3.8 Maces & Flails
 + Level 2.0 Armour
 + Level 2.1 Dodging


You had 3 spell levels left.
You didn't know any spells.

Dungeon Overview and Level Annotations

Branches:
Dungeon (3/15)

Altars:


Innate Abilities, Weirdness & Mutations

You have hoof-like feet.
You are partially covered in sharp spines.


Message History

A two-headed ogre comes into view. It is wielding two giant clubs.
The two-headed ogre shouts in stereo!
You hear a shout!
A goblin comes into view. It is wielding a club.
The two-headed ogre is struck by your spines.
The two-headed ogre misses you.
The two-headed ogre hits you with a giant club!!
Ouch! That really hurt!
* * * LOW HITPOINT WARNING * * *
Your skin crawls.
You feel resistant to hostile enchantments.
You feel somewhat more hungry.
The two-headed ogre is struck by your spines.
The two-headed ogre misses you. The two-headed ogre barely misses you.
A red film seems to cover your vision as you go berserk!
You feel yourself moving faster!
You feel mighty!
You feel a lot more hungry.
You thump the two-headed ogre! You kick the two-headed ogre!
The two-headed ogre is moderately wounded.
The two-headed ogre is struck by your spines.
The two-headed ogre hits you with a giant club!
You die...

# #.# #
#.# #
#.# #
#.# #
#.# #
#.# #
#.# # #
#.###.#
#
#..@Og#
#
#####.#
# #


You could see a two-headed ogre and a goblin.

Vanquished Creatures
  An adder (D:2)
  A shadow imp (D:2)
  2 worms
  A dart slug (D:1)
  2 ball pythons (D:1)
  4 bats
  4 goblins
  4 hobgoblins (D:1)
  17 jackals
  3 frilled lizards
  6 kobolds
  3 rats
48 creatures vanquished.

Notes
Turn   | Place    | Note
-------+----------+-------------------------------------------
     0 | D:1      | mrzuul the Demonspawn Berserker began the quest for the Orb.
     0 | D:1      | Reached XP level 1. HP: 18/18 MP: 1/1
   407 | D:1      | Gained mutation: You have large cloven feet. [demonic ancestry]
   407 | D:1      | Reached XP level 2. HP: 23/24 MP: 2/2
   923 | D:1      | Reached ** piety under Trog
   926 | D:1      | Gained mutation: You have hoof-like feet. [demonic ancestry]
   926 | D:1      | Reached XP level 3. HP: 27/29 MP: 3/3
  1772 | D:2      | Gained mutation: You are partially covered in sharp spines. [demonic ancestry]
  1772 | D:2      | Reached XP level 4. HP: 31/35 MP: 4/4
  2233 | D:3      | Noticed a two-headed ogre
  2237 | D:3      | Slain by a two-headed ogre

Skill      XL: |  1  2 |
---------------+-------+-----
Maces & Flails | 3 |  3.8
Dodging        | 2 |  2.1
Armour         | 2 |  2.0
Fighting       | |  3.5

Action                   |  1- 3 |  4- 6 || total
-------------------------+-------+-------++-------
Melee: Mace              |   125 |     8 ||   133
       Kick              |    21 |     5 ||    26
Invok: Berserk           |     1 |     1 ||     2
       Trog's Hand       |       |     1 ||     1
  Use: Scroll            |       |     1 ||     1
  Eat: Chunk             |     4 |       ||     4
       Ration            |       |     1 ||     1
Armor: Animal skin       |    31 |     1 ||    32
Dodge: Dodged            |    99 |     9 ||   108
